 Dungeon Crawl Stone Soup version 0.21.1-1-g345015f (webtiles) character file.

4 Monsterracer the Ducker (level 1, 0/10 HPs)
             Began as a Felid Monk on Feb 10, 2018.
             Slain by a jackal (3 damage)
             ... on level 1 of the Dungeon.
             The game lasted 00:00:21 (140 turns).

Monsterracer the Ducker (Felid Monk)                 Turns: 140, Time: 00:00:22

Health: 0/10       AC:  1    Str:  7    XL:     1   Next: 58%
Magic:  2/2        EV: 19    Int: 11    God:
Gold:   4          SH:  0    Dex: 18    Spells: 0/0 levels left
                                        Lives:  0   Deaths: 0

rFire    . . .     SeeInvis +     - Unarmed
rCold    . . .     Gourm    .   (shield unavailable)
rNeg     . . .     Faith    .   (armour unavailable)
rPois    .         Spirit   .   (helmet unavailable)
rElec    .         Reflect  .   (cloak unavailable)
rCorr    .         Harm     .   (gloves unavailable)
MR       .....                  (boots unavailable)
Stlth    +++.......             (no amulet)
HPRegen  0.03/turn              (no ring)
MPRegen  0.08/turn              (no ring)

@: quick
A: very small, no armour, no weapons or thrown items, stealth, claws 1, fangs 3,
see invisible, carnivore, speed 1, shaggy fur 1, slow metabolism 1, sharp paws
a: no special abilities


You were on level 1 of the Dungeon.
You were completely stuffed.

You visited 1 branch of the dungeon, and saw 1 of its levels.

You collected 4 gold pieces.

Inventory:

Potions
 a - a potion of lignification {unknown}
Comestibles
 b - a chunk of flesh
 c - a ration


   Skills:
 - Level 3.0 Fighting
 - Level 4.0 Dodging
 - Level 2.6 Stealth
 + Level 3.3 Unarmed Combat


You couldn't memorise any spells.
You didn't know any spells.

Dungeon Overview and Level Annotations

Branches:
Dungeon (1/15)

Altars:


Innate Abilities, Weirdness & Mutations

You cannot wear armour.
You are incapable of wielding weapons or throwing items.
Your paws allow you to move quietly. (Stealth)
You have sharp claws.
You have razor-sharp teeth.
You have supernaturally acute eyesight. (SInv)
You are carnivorous and can eat meat at any time.
You cover ground quickly.
You are covered in fur. (AC +1)
You have a slow metabolism.
Your sharp claws are effective at attacking unaware monsters.


Message History

You kill the hobgoblin!
No target in view!
You butcher the hobgoblin corpse.
a - 3 chunks of flesh Eating one of 3 chunks of flesh.
You eat one of the 3 chunks of flesh.
This raw flesh tastes great.
Eating one of 2 chunks of flesh.
You eat one of the 2 chunks of flesh.
This raw flesh tastes great.
Eating a chunk of flesh.
You eat the chunk of flesh.
This raw flesh tastes great.
a - a murky grey potion No target in view!
You found a teleport trap!
You now have 4 gold pieces.
You open the door.
There is an open door here.
Found 21 arrows.
No target in view!
No target in view!
A goblin comes into view.
A goblin is nearby!
A goblin is nearby!
The helpless goblin fails to defend itself.
You claw the goblin!
You kill the goblin!
No target in view!
You butcher the goblin corpse.
b - 3 chunks of flesh You see here a goblin skeleton. x2
Eating one of 3 chunks of flesh.
You eat one of the 3 chunks of flesh.
This raw flesh tastes great.
Eating one of 2 chunks of flesh.
You eat one of the 2 chunks of flesh.
This raw flesh tastes great.
A jackal comes into view.
The jackal moves out of view.
The jackal is too close now for your liking.
There is an open door here.
A jackal is nearby!
The jackal barks!
The jackal bites you.
You take 2 damage, and have 8/10 hp.
You barely miss the jackal. The jackal misses you.
You closely miss the jackal. The jackal bites you.
You take 2 damage, and have 6/10 hp.
You are too injured to fight recklessly!
You are too injured to fight recklessly!
You scratch the jackal.
The jackal is lightly wounded.
The jackal closely misses you. x2
You scratch the jackal. Your bite misses the jackal.
The jackal is severely wounded.
The jackal closely misses you.
You scratch the jackal but do no damage.
The jackal is severely wounded.
The jackal closely misses you.
You scratch the jackal.
You kill the jackal!
You see here a jackal corpse.
A jackal comes into view.
A jackal is nearby!
A jackal is nearby!
You are too injured to fight recklessly!
You are too injured to fight recklessly!
You are too injured to fight recklessly!
The jackal barks!
You closely miss the jackal. The jackal bites you.
You take 1 damage, and have 6/10 hp.
You scratch the jackal.
The jackal is moderately wounded.
The jackal barely misses you.
You barely miss the jackal.
The jackal is moderately wounded.
The jackal bites you.
* * * LOW HITPOINT WARNING * * *
The jackal bites you.
* * * LOW HITPOINT WARNING * * *
You take 2 damage, and have 4/10 hp.
You closely miss the jackal. Your bite misses the jackal.
The jackal is moderately wounded.
The jackal barely misses you.
You scratch the jackal.
The jackal is heavily wounded.
The jackal completely misses you. The jackal bites you.
* * * LOW HITPOINT WARNING * * *
You take 1 damage, and have 3/10 hp.
You scratch the jackal but do no damage.
The jackal is heavily wounded.
The jackal closely misses you.
You barely miss the jackal.
The jackal is heavily wounded.
The jackal misses you.
You closely miss the jackal.
The jackal is heavily wounded.
The jackal barely misses you.
The jackal bites you but does no damage.
Unknown command.
You closely miss the jackal.
The jackal is heavily wounded.
The jackal bites you.
You die...

#.............# #
#####(######### ### #.#
#.. #.# #.. #.# #..
#.###########..
#.#............
#########.#.###########
#.....@h..#'####
#.###..........#
#..........# ###
#.†........###.###
#..........#.....##
#.................#
#..[..............#
#.............<....
#######+###........


You could see a jackal.

Vanquished Creatures
  A goblin (D:1)
  A hobgoblin (D:1)
  A jackal (D:1)
  A frilled lizard (D:1)
4 creatures vanquished.

Notes
Turn   | Place    | Note
-------+----------+-------------------------------------------
     0 | D:1      | Monsterracer the Felid Monk began the quest for the Orb.
     0 | D:1      | Reached XP level 1. HP: 10/10 MP: 2/2
   134 | D:1      | HP: 5/10 [jackal (1)]
   140 | D:1      | Slain by a jackal

Action                   || total
-------------------------++-------
Melee: Unarmed           ||    24
       Bite              ||     1
 Stab: Sleeping          ||     1
  Eat: Chunk             ||     6
Armor: Skin              ||     3
Dodge: Dodged            ||    16

Vault maps used:
D:1:      dpeg_arrival_orchard, okawaru_ov_weapons_minmay
